 Dungeon Crawl Stone Soup version 0.20-a0-513-g02c11fc (webtiles) character file.

4433 mopl the Carver (level 10, -1/75 (76) HPs)
             Began as a Barachian Fighter on Jan 22, 2017.
             Was an Elder of Cheibriados.
             Slain by a two-headed ogre
             ... wielding a +0 giant club
              (7 damage)
             ... on level 8 of the Dungeon.
             The game lasted 00:14:16 (8619 turns).

mopl the Carver (Barachian Fighter)                 Turns: 8619, Time: 00:14:17

HP:   -1/75 (76)    AC: 13    Str: 25    XL:     10   Next: 36%
MP:   15/15         EV:  8    Int: 17    God:    Cheibriados [****..]
Gold: 41            SH: 10    Dex: 20    Spells: 9/9 levels left

rFire    . . .     SeeInvis +   a - +0 scimitar (elec)
rCold    . . .     Gourm    .   y - +0 chain mail
rNeg     . . .     Faith    .   c - +0 shield
rPois    .         Spirit   .   (no helmet)
rElec    .         Reflect  .   (no cloak)
rCorr    .         Harm     .   o - +2 pair of gloves
MR       .....                  (no boots)
Stlth    ..........             (no amulet)
Regen    0.3/turn               (no ring)
                                m - ring of see invisible

@: very slow
A: swims, slowness 1, strong legs 1
a: Hop, Bend Time, Temporal Distortion, Slouch, Renounce Religion


You were on level 8 of the Dungeon.
You worshipped Cheibriados.
Cheibriados was greatly pleased with you.
You were not hungry.

You visited 1 branch of the dungeon, and saw 8 of its levels.

You collected 365 gold pieces.
You spent 324 gold pieces at shops.

Inventory:

Hand Weapons
 a - a +0 scimitar of electrocution (weapon)
 b - a +0 blowgun
 l - a +1 short sword of draining
 D - the +7 dagger "Viobbas" {freeze, *Slow +Rage Int+6 Dex+2}
   (You took it off a kobold on level 4 of the Dungeon)

   It has been specially enchanted to freeze those struck by it, causing extra
   injury to most foes and up to half again as much damage against particularly
   susceptible opponents.
   It can also slow down cold-blooded creatures.
   It affects your intelligence (+6).
   It affects your dexterity (+2).
   It lets you go berserk.
   It may slow you when you take damage.
Missiles
 j - 7 javelins
 r - 2 throwing nets
 v - 5 silver javelins
 C - 76 poisoned needles
 F - a tomahawk (quivered)
Armour
 c - a +0 shield (worn)
 o - a +2 pair of gloves (worn)
 y - a +0 chain mail (worn)
 G - a +0 leather armour of fire resistance
Jewellery
 m - a ring of see invisible (left hand)
 q - an uncursed ring of ice
Wands
 g - a wand of disintegration (14/24)
 H - a wand of flame (24/48)
 O - a wand of iceblast (8/15)
Scrolls
 e - 3 scrolls of magic mapping {unknown}
 k - 3 scrolls of remove curse
 n - a scroll of teleportation {unknown}
 u - 4 scrolls of blinking {unknown}
 x - 2 scrolls of fear {unknown}
 E - 2 scrolls of enchant weapon {unknown}
 I - a scroll of identify
 J - 3 scrolls of enchant armour {unknown}
 K - a scroll of recharging {unknown}
 M - a scroll of silence {unknown}
 N - a scroll of amnesia {unknown}
 P - a scroll of noise {unknown}
Potions
 d - a potion of might
 i - a potion of invisibility
 p - a potion of heal wounds
 w - 4 potions of brilliance
 z - a potion of flight
 A - a potion of cancellation
Comestibles
 f - 8 bread rations
 h - 6 meat rations
 s - 5 royal jellies
 t - 24 fruits
 L - 6 chunks of flesh


   Skills:
 + Level 5.8 Fighting
 * Level 11.7 Long Blades
 + Level 5.5 Armour
 + Level 4.0 Dodging
 - Level 3.0 Shields
 + Level 7.6 Invocations


You had 9 spell levels left.
You didn't know any spells.

Dungeon Overview and Level Annotations

Branches:
Dungeon (8/15)             Temple (0/1) D:7
   Lair: D:8-11

Altars:
Ashenzari
Cheibriados
Elyvilon
Hepliaklqana
Kikubaaqudgha
Makhleb
Qazlal
Ru
Trog
Uskayaw

Shops:
D:7 *

Annotations:
D:8 Psyche


Innate Abilities, Weirdness & Mutations

You can swim through water.
You cover ground slowly.
You can hop short distances.


Message History

The two-headed ogre barely misses you.
You riposte.
You closely miss the two-headed ogre.
The two-headed ogre is moderately wounded.
You block the two-headed ogre's attack.
You hit the two-headed ogre.
There is a sudden explosion of sparks!
The two-headed ogre is severely wounded.
The two-headed ogre closely misses you. You block the two-headed ogre's attack.
You hit the two-headed ogre.
The two-headed ogre is severely wounded.
You hit the two-headed ogre but do no damage.
The two-headed ogre is severely wounded.
The two-headed ogre hits you with a giant club!
The two-headed ogre hits you with a giant club!!
* * * LOW HITPOINT WARNING * * *
You hit the two-headed ogre but do no damage.
The two-headed ogre is severely wounded.
The two-headed ogre hits you with a giant club!
* * * LOW HITPOINT WARNING * * *
The two-headed ogre hits you with a giant club!
You die...

##.## #..# #((.#
#..###### #...# #
#.....รท.. #.(.#.#
##(######
#.#####.(##.#####.#
.......(..........#
#...).^.)...#######
#######O.####
######@.#
.........#
##########


You could see a two-headed ogre.

Vanquished Creatures
  A two-headed ogre (D:8)
  The ghost of Klosterheim the Carver, a novice DsAK of Lugonu (D:8)
  Prince Ribbit (D:7)
  Sigmund (D:5)
  Menkaure (D:6)
  Edmund (D:5)
  A water moccasin (D:6)
  An orc warrior (D:6)
  An ice beast (D:7)
  3 ogres
  2 necrophages (D:8)
  2 centaurs
  2 big kobolds
  4 bullfrogs
  A gnoll sergeant (D:5)
  2 scorpions
  A howler monkey (D:4)
  2 crimson imps
  A bullfrog zombie (D:7)
  3 jellies
  A gnoll shaman (D:7)
  9 orc wizards
  3 bullfrog skeletons
  4 orc priests
  A hound (D:4)
  An iguana (D:6)
  2 worker ants
  A worker ant zombie (D:6)
  A howler monkey zombie (D:5)
  14 gnolls
  11 adders
  A shadow imp (D:5)
  A worm (D:4)
  2 leopard geckos
  42 orcs
  11 bats
  7 giant cockroaches
  6 goblins
  4 hobgoblins
  9 jackals
  5 quokkas
  A ball python (D:1)
  4 frilled lizards
  25 kobolds
  A leopard gecko skeleton (D:7)
  A quokka skeleton (D:4)
  22 rats
222 creatures vanquished.

Vanquished Creatures (others)
  A human (D:3)
  A plant (D:4)
2 creatures vanquished.

Grand Total: 224 creatures vanquished

Notes
Turn   | Place    | Note
-------+----------+-------------------------------------------
     0 | D:1      | mopl the Barachian Fighter began the quest for the Orb.
     0 | D:1      | Reached XP level 1. HP: 18/18 MP: 1/1
   315 | D:1      | Reached skill level 3 in Long Blades
   315 | D:1      | Reached XP level 2. HP: 23/24 MP: 2/2
   688 | D:1      | Reached XP level 3. HP: 19/29 MP: 3/3
   922 | D:2      | Found a bloodstained altar of Trog.
   977 | D:2      | Reached skill level 4 in Long Blades
  1034 | D:2      | Found a snail-covered altar of Cheibriados.
  1060 | D:2      | Became a worshipper of Cheibriados the Contemplative
  1071 | D:2      | Found a faded altar of an unknown god.
  1216 | D:2      | Reached XP level 4. HP: 29/35 MP: 4/4
  1550 | D:2      | Reached * piety under Cheibriados
  2027 | D:3      | Reached skill level 5 in Long Blades
  2238 | D:3      | Reached skill level 1 in Invocations
  2321 | D:3      | Reached XP level 5. HP: 17/41 MP: 4/6
  2661 | D:3      | Found an ancient bone altar of Kikubaaqudgha.
  2691 | D:3      | Noticed a human
  2692 | D:3      | Killed a human
  2752 | D:3      | Reached skill level 2 in Invocations
  2934 | D:4      | Reached skill level 6 in Long Blades
  2934 | D:4      | Reached XP level 6. HP: 33/47 MP: 7/7
  2993 | D:4      | Reached ** piety under Cheibriados
  3030 | D:4      | Reached skill level 3 in Invocations
  3278 | D:4      | Found a sacrificial altar of Ru.
  3278 | D:4      | Found a burning altar of Makhleb.
  3506 | D:4      | Got an uncursed jewelled dagger {freeze}
  3519 | D:4      | Identified the +7 dagger "Viobbas" {freeze, *Slow +Rage Int+6 Dex+2} (You took it off a kobold on level 4 of the Dungeon)
  3666 | D:4      | Reached skill level 7 in Long Blades
  3666 | D:4      | Reached XP level 7. HP: 32/52 MP: 9/9
  3882 | D:4      | Reached *** piety under Cheibriados
  4104 | D:5      | Entered Level 5 of the Dungeon
  4133 | D:5      | Reached skill level 4 in Invocations
  4403 | D:5      | Found a hazy altar of Hepliaklqana.
  4524 | D:5      | Reached skill level 8 in Long Blades
  4702 | D:5      | Noticed Edmund
  4707 | D:5      | Noticed Sigmund
  4727 | D:5      | Killed Edmund
  4727 | D:5      | Reached XP level 8. HP: 56/58 MP: 11/11
  4743 | D:5      | Killed Sigmund
  4743 | D:5      | Reached skill level 9 in Long Blades
  4743 | D:5      | Reached skill level 5 in Invocations
  4752 | D:5      | Reached **** piety under Cheibriados
  5164 | D:6      | Noticed Menkaure
  5616 | D:6      | Killed Menkaure
  5666 | D:6      | Reached skill level 6 in Invocations
  5734 | D:6      | Reached skill level 10 in Long Blades
  6077 | D:6      | Found a stormy altar of Qazlal.
  6107 | D:6      | Reached skill level 1 in Dodging
  6134 | D:6      | Found a hide-covered altar of Uskayaw.
  6140 | D:6      | Reached XP level 9. HP: 13/64 MP: 13/13
  6521 | D:5      | Reached skill level 4 in Fighting
  7182 | D:7      | Found a staircase to the Ecumenical Temple.
  7251 | D:7      | Reached skill level 2 in Dodging
  7313 | D:7      | Noticed Prince Ribbit
  7317 | D:7      | Reached skill level 4 in Armour
  7320 | D:7      | Killed Prince Ribbit
  7374 | D:7      | Found Vaufidan's Assorted Antiques.
  7411 | D:7      | Bought a glowing scimitar for 270 gold pieces
  7411 | D:7      | Bought a scroll labeled GIXKYNOWKINAS for 27 gold pieces
  7411 | D:7      | Bought a scroll labeled YMIGREE LEZOGI for 27 gold pieces
  7633 | D:7      | Found a shattered altar of Ashenzari.
  7781 | D:7      | Reached skill level 11 in Long Blades
  7841 | D:7      | Found a white marble altar of Elyvilon.
  7875 | D:8      | Noticed Klosterheim's ghost (novice DsAK)
  7896 | D:8      | Reached skill level 5 in Fighting
  7896 | D:8      | Reached skill level 7 in Invocations
  7898 | D:8      | Killed Klosterheim's ghost
  7898 | D:8      | Reached skill level 3 in Dodging
  7898 | D:8      | Reached XP level 10. HP: 14/74 MP: 15/15
  8204 | D:8      | Reached skill level 5 in Armour
  8324 | D:8      | Noticed Psyche
  8330 | D:8      | Noticed a two-headed ogre
  8459 | D:8      | Noticed a two-headed ogre
  8470 | D:8      | Killed a two-headed ogre
  8470 | D:8      | Reached skill level 4 in Dodging
  8619 | D:8      | Slain by a two-headed ogre

Vault maps used:
D:1:      onia_arrival_pyramid, minmay_misc_feat_room, st_stairs_13
D:2:      minmay_door_path, cheibriados_altar_1, bloody_trog,
          chequers_ecumenical_altar_simple_redux, first_bread, minmay_rat_hole
D:3:      dk_noncrumbling_2, kennysheep_another_room, roderic_curled_sauvastika,
          minmay_fountain_box, tgw_kikubaaqudgha
D:4:      kennysheep_kobold_camp, gammafunk_temple_overflow_pools
D:5:      kennysheep_mini_moat, uniq_edmund, uniq_sigmund
D:6:      kennysheep_little_box, nicolae_qazlal_eye_of_the_storm, uniq_menkaure
D:7:      ashenzari_conservatory_becter, lemuel_doored_altar, serial_shops,
          shop, uniq_prince_ribbit1
D:8:      black_bear_nest_1, lemuel_crystal_altar, blue_anna_alchemist,
          uniq_psyche

Skill      XL: |  1  2  3  4  5  6  7  8  9 10 |
---------------+-------------------------------+-----
Long Blades    | 3 4 5 6 7 8 10 11 | 11.7
Invocations    | 1 2 3 4 6 7 |  7.6
Dodging        | 1 3 4 |  4.0
Fighting       | 5 |  5.8
Armour         | 4 5 |  5.5
Shields        | |  3.0

Action                   |  1- 3 |  4- 6 |  7- 9 | 10-12 || total
-------------------------+-------+-------+-------+-------++-------
Melee: Long sword        |   152 |   259 |   358 |       ||   769
       Short sword       |       |       |    16 |       ||    16
       Scimitar          |       |       |    58 |    49 ||   107
 Fire: Blowgun           |       |       |     7 |     5 ||    12
Throw: Javelin           |       |     3 |     7 |       ||    10
       Tomahawk          |       |       |       |     2 ||     2
Invok: Slouch            |       |       |     3 |     1 ||     4
 Abil: Hop               |       |     2 |     2 |     1 ||     5
Evoke: Wand              |       |       |       |     1 ||     1
  Use: Scroll            |       |       |     8 |       ||     8
       Potion            |       |       |     1 |       ||     1
  Eat: Chunk             |     2 |     5 |     7 |     1 ||    15
       Fruit             |       |       |     2 |       ||     2
Armor: Scale mail        |    93 |    84 |       |       ||   177
       Chain mail        |       |    45 |   207 |     8 ||   260
Dodge: Dodged            |    54 |    76 |   102 |    10 ||   242
Block: Shield            |    79 |   137 |   247 |    31 ||   494
       Rpst.: Long sword |    19 |    25 |    20 |       ||    64
       Scimitar          |       |       |     5 |     3 ||     8
